 Dungeon Crawl Stone Soup version 0.31-a0-202-g547052bce9 (webtiles) character file.

Game seed: 13945604273872014160

107 qw the Skirmisher (level 4, 0/25 HPs)
             Began as a Deep Elf Hunter on June 26, 2023.
             Slain by an orc
             ... wielding a +0 dagger
              (1 damage)
             ... on level 3 of the Dungeon.
             The game lasted 00:00:51 (2419 turns).

qw the Skirmisher (Deep Elf Hunter)                 Turns: 2419, Time: 00:00:51

Health: 0/25       AC:  5    Str:  8 (10) XL:     4   Next: 57%
Magic:  6/6        EV: 10    Int: 13 (14) God:
Gold:   156        SH:  0    Dex: 17 (18) Spells: 3/3 levels left

rFire   . . .        Y - +1 shortbow
rCold   . . .        (shield currently unavailable)
rNeg    . . .        b - +0 ring mail
rPois   .            (no helmet)
rElec   .            (no cloak)
rCorr   .            (no gloves)
SInv    .            (no boots)
Will    .....        (no amulet)
Stlth   +            (no ring)
HPRegen 0.24/turn    (no ring)
MPRegen 0.10/turn

%: no passive effects
@: about to teleport
A: no striking features
a: no special abilities


You were on level 3 of the Dungeon.
You visited 1 branch of the dungeon, and saw 4 of its levels.

You collected 266 gold pieces.
You spent 110 gold pieces at shops.


   Skills:
 - Level 1.5 Fighting
 + Level 8.0 Ranged Weapons
 - Level 2.4 Dodging
 - Level 1.2 Stealth


You had 3 spell levels left.
You didn't know any spells.
Your spell library was empty.

Inventory:

Hand Weapons
 Y - a +1 shortbow (weapon)
Armour
 b - a +0 ring mail (worn)
Scrolls
 e - a scroll of identify
 h - 2 scrolls of teleportation
Potions
 d - a potion of resistance
 f - a potion of enlightenment
 g - a potion of mutation
 i - 2 potions of heal wounds
 j - a potion of haste {unknown}
 k - a potion of lignification {unknown}

Dungeon Overview and Level Annotations

Branches:
Dungeon (4/15)
 Temple: D:4-7

Altars:
Ashenzari

Shops:
D:3 ?

Annotations:
D:2 1 runed translucent door, Crazy Yiuf
D:3 Pargi


Message History

There are monsters nearby!
Waypoint 3 assigned to D:4.
You shoot an arrow. The arrow hits the orc.
The orc shouts!
The orc is heavily wounded.
Pargi shouts!
You shoot an arrow. The arrow hits the orc.
The orc is severely wounded.
The orc hits you but does no damage.
You shoot an arrow.
The arrow hits the orc but does no damage.
The orc is severely wounded.
Pargi looks around nervously.
Pargi bites you! Pargi closely misses you. Pargi claws you but does no damage.
The orc hits you but does no damage.
2414 ||| STAIRDANCE The orc barely misses you.
Pargi bites you. Pargi claws you but does no damage. x2
You climb upwards.
There is a stone staircase leading down here.
Enter note:
Enter note:
Enter note:
Enter note:
Enter note:
Enter note: You shoot an arrow.
The arrow barely misses the orc.
The orc hits you but does no damage. Pargi closely misses you.
Pargi claws you. x2
You shoot an arrow. The arrow closely misses the orc.
The orc hits you with a +0 dagger.
Pargi looks around nervously.
Pargi bites you. Pargi closely misses you. Pargi barely misses you.
You shoot an arrow. The arrow completely misses the orc.
The orc closely misses you. Pargi bites you but does no damage.
Pargi claws you. Pargi barely misses you. The orc hits you with a +0 dagger.
Pargi snarls, "Go!
Away!"
Pargi bites you. Pargi claws you. x2
2419 ||| READING 3 scrolls of teleportation.
As you read the scroll of teleportation, it crumbles to dust.
You feel strangely unstable. The orc hits you with a +0 dagger.
You die...

############# #...........#
######.#.....<...#
#.....###..o.###.######
#.##.## ##..@T........###
#.###.###.##.###........# #.#
##.#.###.# #.####.#.# #.#
#...# #.# #.# #.#.#
#####.####...###.###.# #.#.#
.....................# #.#.#
#####.######.###.#####
#.#.##### # ##.######.###.#
#.#......
#..........##.########.#######


You could see Pargi and an orc.

Vanquished Creatures
  4 gnolls (D:2)
  An adder (D:3)
  An orc (D:3)
  7 ball pythons
  2 giant cockroaches (D:3)
  3 goblins
  4 hobgoblins
  5 jackals
  12 kobolds
  2 quokkas (D:2)
  5 bats
  4 frilled lizards
  7 rats
57 creatures vanquished.

Notes
Turn   | Place    | Note
-------+----------+-------------------------------------------
     0 | D:1      | qw the Deep Elf Hunter began the quest for the Orb.
     0 | D:1      | Reached XP level 1. HP: 12/12 MP: 3/3
     0 | D:1      | 0 ||| qw: Version: 0.3-a-22-g0ed2b0b
     0 | D:1      | 0 ||| qw: Game counter: 6064
     0 | D:1      | 0 ||| qw: Melee chars always use a shield: true
     0 | D:1      | 0 ||| qw: God list: Okawaru
     0 | D:1      | 0 ||| qw: Allow faded altars: false
     0 | D:1      | 0 ||| qw: Do Orc after clearing Dungeon:15 true
     0 | D:1      | 0 ||| qw: Do second Lair branch before Depths: true
     0 | D:1      | 0 ||| qw: Lair rune preference: random
     0 | D:1      | 0 ||| qw: Goals: Normal
     0 | D:1      | 0 ||| PLANNING D:1-11
    95 | D:1      | Reached XP level 2. HP: 15/16 MP: 4/4
   102 | D:1      | Reached skill level 6 in Ranged Weapons
   265 | D:1      | 265 ||| FLEEEEING.
   751 | D:1      | Reached XP level 3. HP: 20/20 MP: 5/5
   863 | D:1      | 863 ||| READING 3 scrolls labelled XURUKK USKU.
   864 | D:1      | 864 ||| READING scroll labelled BAYGOFAHOT.
   865 | D:1      | 865 ||| READING scroll labelled EKHLAIT ZAPTU.
   866 | D:1      | 866 ||| DRINKING 2 golden potions.
   867 | D:1      | 867 ||| DRINKING 2 coppery potions.
   868 | D:1      | 868 ||| DROPPING 2 scrolls of poison.
   869 | D:1      | 869 ||| DROPPING scroll of butterflies.
   870 | D:1      | 870 ||| DROPPING potion of degeneration.
   872 | D:1      | 872 ||| Stepping ~*~*~tactically~*~*~ (cloud).
   873 | D:1      | HP: 5/20 [poisoned by you (poison gas)]
   877 | D:1      | HP: 2/20 [poisoned by you (poison gas)]
  1034 | D:2      | Found a runed translucent door.
  1035 | D:2      | Noticed Crazy Yiuf
  1114 | D:2      | Reached skill level 7 in Ranged Weapons
  1120 | D:2      | 1120 ||| FLEEEEING.
  1183 | D:2      | Reached XP level 4. HP: 25/25 MP: 6/6
  1619 | D:2      | 1619 ||| READING scroll labelled RAKIGUUCAE.
  1620 | D:2      | 1620 ||| READING 2 scrolls labelled WEDDUSURHA.
  1792 | D:3      | Found a broken altar of Ashenzari.
  2097 | D:3      | Reached skill level 8 in Ranged Weapons
  2342 | D:3      | Found Wiol's Magic Scroll Shoppe.
  2345 | D:3      | 2345 ||| BUYING scroll of identify (22 gold).
  2345 | D:3      | Bought a scroll of identify for 22 gold pieces
  2345 | D:3      | 2345 ||| BUYING scroll of identify (22 gold).
  2345 | D:3      | Bought a scroll of identify for 22 gold pieces
  2345 | D:3      | 2345 ||| BUYING scroll of teleportation (33 gold).
  2345 | D:3      | Bought a scroll of teleportation for 33 gold pieces
  2345 | D:3      | 2345 ||| BUYING scroll of teleportation (33 gold).
  2345 | D:3      | Bought a scroll of teleportation for 33 gold pieces
  2345 | D:3      | 2345 ||| UPGRADING to +0 ring mail.
  2355 | D:3      | 2355 ||| DROPPING +0 leather armour.
  2356 | D:3      | 2356 ||| DRINKING 2 dark potions.
  2357 | D:3      | 2357 ||| READING 4 scrolls of identify.
  2357 | D:3      | 2357 ||| IDENTIFYING lumpy purple potion
  2358 | D:3      | 2358 ||| READING 3 scrolls of identify.
  2358 | D:3      | 2358 ||| IDENTIFYING viscous brown potion
  2359 | D:3      | 2359 ||| READING 2 scrolls of identify.
  2359 | D:3      | 2359 ||| IDENTIFYING smoky brown potion
  2360 | D:3      | 2360 ||| DROPPING potion of invisibility.
  2410 | D:4      | Noticed Pargi
  2414 | D:4      | 2414 ||| STAIRDANCE
  2418 | D:3      | HP: 6/25 [orc/+0 dagger (1)]
  2418 | D:3      | HP: 1/25 [Pargi (3)]
  2419 | D:3      | 2419 ||| READING 3 scrolls of teleportation.
  2419 | D:3      | Slain by an orc

Levels and vault maps discovered:
D:1:      eino_arrival_cavern_d, layout_basic, minmay_tromino_i2
D:2:      layout_basic, uniq_crazy_yiuf_cottage
D:3:      layout_loops_ring, mainiacjoe_overflow_chevrons, serial_shops,
          nicolae_shop_rolled_up
D:4:      layout_basic, nicolae_underground_beach, uniq_sigmund, uniq_grinder,
          uniq_menkaure, uniq_pargi

Skill      XL: |  1  2  3  4 |
---------------+-------------+-----
Ranged Weapons | 6 7 8 |  8.0
Fighting       | |  1.5
Dodging        | |  2.4
Stealth        | |  1.2

Action                     |  1- 3 |  4- 6 || total
---------------------------+-------+-------++-------
   Fire: Shortbow          |    99 |    74 ||   173
    Use: Scroll            |     3 |     6 ||     9
         Potion            |     2 |     1 ||     3
 Armour: Leather armour    |     7 |     2 ||     9
         Ring mail         |       |     7 ||     7
  Dodge: Dodged            |    17 |    20 ||    37

Table legend:
 A = Non-vault XP
 B = Vault XP
 C = Vault XP percentage of total XP
 D = Non-vault monster count
 E = Vault monster count
 F = Vault count percentage of total count
                 A         B        C        D         E       F
            +---------+---------+-------+---------+---------+-------
      Total |     150 |       4 |   2.6 |      55 |       2 |   3.5
            +---------+---------+-------+---------+---------+-------
        D:1 |      39 |       4 |   9.3 |      25 |       2 |   7.4
        D:2 |      80 |       0 |   0.0 |      18 |       0 |   0.0
        D:3 |      31 |       0 |   0.0 |      12 |       0 |   0.0
            +---------+---------+-------+---------+---------+-------
